Unix NetHack Version 5.0.0-0 post-release - last build Jul 14 2026 02:55:29 (1809b74e8187c3a3585e283601c3028b46cbbdcb,branch:main).

Game began 2026-07-15 01:46:19, ended 2026-07-15 03:10:59.

Jinnora, neutral female human Wizard

                                    ...
                                   .....
                                  ......G.h
                                  .....G..-
                                  .......G|
                                   ......G--    G
                                   G.G...)@|  h
                                     .|.|.--
                                      -----

Jinnora the Magician      St:17 Dx:9 Co:17 In:17 Wi:15 Ch:8  Neutral
Dlvl:9  $:224 HP:0(75) Pw:14(99) AC:8  Xp:10/5416 T:10184  Hungry  

Latest messages:
 In what direction? 9
 The spell hits the gargoyle!
 The gargoyle hits!
 The gargoyle hits again!
 The gargoyle bites!
 In what direction? 9
 The spell misses the gargoyle.
 In what direction? 9
 The spell misses the gargoyle.
 In what direction? 9
 The spell misses the gargoyle.
 The gargoyle hits!
 The gargoyle hits again!
 The gargoyle bites!
 The housecat drops a quarterstaff.
 The housecat picks up a quarterstaff.
 What do you want to read? [qsuADFGIP or ?*] ?
 Never mind.
 What do you want to zap? [ciotwCX or ?*] c
 In what direction? >
 You dig a hole through the floor.
 You fall through...
 Wizard, your life force is running out.
 In what direction? 4
 The spell misses the gnome.
 In what direction? 4
 The spell hits the gnome!
 You kill the gnome!
 In what direction? 4
 The spell misses the giant spider.
 In what direction? 4
 The spell misses the giant spider.
 In what direction? 4
 The spell misses the giant spider.
 The giant spider bites!
 What do you want to write with? [- ceg-ilotwBCKNOQWX or ?*] ?
 You engrave in the floor with an uncursed wand of digging.
 What do you want to engrave in the floor here? Elbereth
 Gravel flies up from the floor.
 The giant spider turns to flee.
 The gnome turns to flee.
 You hear crashing rock.
 The gnome turns to flee.
 The gnome turns to flee.
 The gnome lord turns to flee.
 You hear crashing rock.
 The gnome turns to flee.
 You are hit by an arrow.
 You die...
 Do you want your possessions identified? [ynq] (y) q

Inventory:
 Coins    ('$')
  $ - 224 gold pieces
 Amulets  ('"')
  n - an uncursed amulet of ESP (being worn)
 Weapons  (')')
  K - 5 blessed +3 daggers
  O - 8 uncursed +0 daggers
  Q - an uncursed +0 elven dagger (weapon in right hand)
 Armor    ('[')
  d - an uncursed +0 helm of brilliance (being worn)
  b - an uncursed +0 cloak of magic resistance (being worn)
  p - an uncursed +0 dwarvish mithril-coat
 Comestibles  ('%')
  z - 4 uncursed slime molds
  R - 2 uncursed food rations
  L - an uncursed floating eye corpse
  v - an uncursed lizard corpse
 Scrolls  ('?')
  D - an uncursed scroll of amnesia
  u - an uncursed scroll of confuse monster
  s - an uncursed scroll of earth
  F - 2 uncursed scrolls of enchant armor
  P - an uncursed scroll of enchant weapon
  A - a blessed scroll of fire
  G - an uncursed scroll of food detection
  I - an uncursed scroll of identify
 Spellbooks  ('+')
  q - an uncursed spellbook of knock
 Potions  ('!')
  k - an uncursed potion of enlightenment
  S - an uncursed potion of extra healing
  M - an uncursed potion of fruit juice
  y - an uncursed potion of gain energy
  V - an uncursed potion of hallucination
  T - an uncursed potion of monster detection
 Rings    ('=')
  B - an uncursed ring of poison resistance
  l - an uncursed ring of polymorph control
  N - an uncursed ring of see invisible
 Wands    ('/')
  o - an uncursed wand of digging (0:7)
  c - an uncursed wand of digging (0:3)
  i - an uncursed wand of light (0:5)
  X - a blessed wand of make invisible (0:4)
  C - an uncursed wand of polymorph (0:6)
  w - an uncursed wand of sleep (0:7)
  t - an uncursed wand of speed monster (0:6)
 Tools    ('(')
  E - an uncursed blindfold
  x - an uncursed expensive camera (0:42)
  J - a blessed magic lamp (lit)
  Y - an uncursed +0 pick-axe
  m - an uncursed skeleton key
  r - an uncursed tin whistle
  W - an uncursed towel
 Gems/Stones  ('*')
  g - an uncursed citrine stone
  h - an uncursed worthless piece of black glass
  e - an uncursed worthless piece of blue glass

Jinnora the Wizard's attributes:

Background:
 You were a Magician, a level 10 female human Wizard.
 You were neutral, on a mission for Thoth
 who was opposed by Ptah (lawful) and Anhur (chaotic).
 You were right-handed.
 You were in the Gnomish Mines, on level 9.
 You entered the dungeon 10184 turns ago.
 It was nighttime.
 There was a new moon in effect when your adventure ended.
 You had 5416 experience points, 4584 more were needed to attain level 11.

Basics:
 You had 0 out of 75 hit points.
 You had 14 out of 99 energy points (spell power).
 Your armor class was 8.
 Your wallet contained 224 zorkmids.
 Autopickup was off.

Final Characteristics:
 Your strength was 17 (limit:18/100).
 Your dexterity was 9 (peak:13, limit:18).
 Your constitution was 17 (limit:18).
 Your intelligence was 17 (limit:18).
 Your wisdom was 15 (limit:18).
 Your charisma was 8 (limit:18).

Final Status:
 You were hungry.
 You were unencumbered.
 You were wielding a dagger.
 You were skilled in dagger.

Final Attributes:
 You were piously aligned.
 You were magic-protected.
 You were fire resistant.
 You were cold resistant.
 You were telepathic.
 You were warded.
 You were lucky.
 You are dead.

Miscellaneous:
 You encountered 1 bones level.
 Total elapsed playing time was 1 hour, 24 minutes and 36 seconds.

Major events:
 Turn
    1: Jinnora the neutral female human Wizard entered the dungeon
 1403: attained the rank of Conjurer (level 3)
 2111: read a Discworld novel
 2877: entered the Gnomish Mines
 2921: attained the rank of Thaumaturge (level 6)
 3805: entered Sokoban
 4178: completed 1st Sokoban level
 4792: completed 2nd Sokoban level
 5146: completed 3rd Sokoban level
 8566: reached Mine Town
 9283: attained the rank of Magician (level 10)
10184: killed by an arrow

Spells:
 Name                 Level Category     Fail Retention
 force bolt             1   attack         0%   41%-50%
 cure blindness         2   healing        0%   26%-50%
 detect monsters        1   divination     0%   51%-75%
 knock                  1   matter         0%  76%-100%

Skills:
 Fighting Skills
   bare handed combat [Unskilled]
   riding             [Unskilled]
 Weapon Skills
   dagger             [Skilled]
   knife              [Unskilled]
   axe                [Unskilled]
   short sword        [Unskilled]
   club               [Unskilled]
   mace               [Unskilled]
   quarterstaff       [Basic]
   polearms           [Unskilled]
   spear              [Unskilled]
   trident            [Unskilled]
   sling              [Unskilled]
   dart               [Unskilled]
   shuriken           [Unskilled]
 Spellcasting Skills
   attack spells      [Basic]
   healing spells     [Unskilled]
   divination spells  [Unskilled]
   enchantment spells [Basic]
   clerical spells    [Unskilled]
   escape spells      [Unskilled]
   matter spells      [Unskilled]

Voluntary challenges:
 Character rerolling was not enabled.
 You never genocided any monsters.
 You never polymorphed an object.
 You never changed form.
 You used no wishes.
 You did not violate any of the special Sokoban rules.
Achievements:
 You entered a shop.
 You attained the rank of Conjurer.
 You read from a Discworld novel.
 You entered the Gnomish Mines.
 You attained the rank of Thaumaturge.
 You entered Sokoban.
 You entered Minetown.
 You entered a temple.
 You attained the rank of Magician.

 The Dungeons of Doom: levels 1 to 7
    Level 1:
       An altar to Thoth, a fountain.
    Level 2:
       A weapon shop.
    Level 3:
       A scroll shop, some fountains, a grave.
    Level 4:
       An altar to Thoth, a fountain, a sink.
       Stairs down to The Gnomish Mines.
    Level 5:
       A throne, a fountain.
    Level 6:
       Many fountains.
       Oracle of Delphi.
    Level 7:
       Stairs up to Sokoban, level 6.
 The Gnomish Mines: levels 5 to 9
    Level 5:
    Level 6:
    Level 7:
    Level 8:
       Some shops, a temple and an altar to Thoth, some fountains, a grave.
       Final resting place for
          Jinnora-Wiz-Hum-Fem-Neu, killed by a white unicorn.
    Level 9: <- You were here.
       Final resting place for
          you, killed by an arrow.
 Sokoban: levels 6 up to 3
    Level 3:
       Unsolved.
    Level 4:
       Solved.
    Level 5:
       Solved.
    Level 6:
       Solved.


Vanquished creatures:
  a ghost
  2 giant mimics
  2 small mimics
  a warhorse
  a flaming sphere
  a red naga
  a leather golem
  a Grey-elf
 an amorous demon
  a crocodile
  3 giant beetles
  a spotted jelly
  7 leprechauns
 an iron piercer
  a horse
  2 black lights
  a forest centaur
  a gnome ruler
  a brown pudding
  a rust monster
 an owlbear
  a yeti
  a lizard
  a dingo
  a dog
  a jaguar
  a blue jelly
  a dust vortex
  a gnome mummy
  a snake
  a soldier ant
 an imp
  a quasit
  a mountain nymph
  2 rock piercers
  a rock mole
  a pony
  4 yellow lights
  8 gnome leaders
  3 gnomish wizards
  a gray ooze
 an elf zombie
  4 straw golems
  3 floating eyes
  2 kittens
  8 dwarves
  3 homunculi
  2 kobold shamans
  9 hill orcs
  5 rothes
  3 rabid rats
  2 centipedes
  a giant bat
  2 monkeys
  2 dwarf zombies
  5 iguanas
  2 gas spores
  2 hobbits
  3 large kobolds
  5 hobgoblins
  a cave spider
  a yellow mold
  a green mold
  a red mold
 31 gnomes
  3 garter snakes
  a gnome zombie
  7 geckos
 18 jackals
  2 foxes
  a kobold
  4 goblins
  2 sewer rats
  5 grid bugs
  4 lichens
  2 kobold zombies
  5 newts
218 creatures vanquished.

No species were genocided or became extinct.

Game over:
                       ----------
                      /          \
                     /    REST    \
                    /      IN      \
                   /     PEACE      \
                  /                  \
                  |     Jinnora      |
                  |      224 Au      |
                  |   killed by an   |
                  |      arrow       |
                  |                  |
                  |                  |
                  |       2026       |
                 *|     *  *  *      | *
        _________)/\\_//(\/(/\)/\//\/|_)_______

Goodbye Jinnora the Wizard...

You died in The Gnomish Mines on dungeon level 9 with 12908 points,
and 224 pieces of gold, after 10184 moves.
You were level 10 with a maximum of 75 hit points when you died.

